 Dungeon Crawl Stone Soup version 0.16.0-11-gd45b091 (webtiles) character file.

2749 rjames93 the Conjurer (level 9, -5/62 HPs)
             Began as a White Draconian Conjurer on Mar 17, 2015.
             Splashed by a jelly's acid (13 damage)
             ... on level 7 of the Dungeon.
             The game lasted 00:14:03 (7391 turns).

rjames93 the Conjurer (White Draconian Conjurer)    Turns: 7391, Time: 00:14:03

Health: -5/62      AC:  2    Str: 13    XL:     9   Next: 41%
Magic:  21/21      EV: 14    Int: 16    God:
Gold:   253        SH:  0    Dex: 12    Spells: 2 memorised, 12 levels left

rFire  . . .     SeeInvis .     d - +2 spear (venom)
rCold  + + .     Clarity  .     (armour unavailable)
rNeg   . . .     SustAb   .     (no shield)
rPois  .         Gourm    .     (helmet restricted)
rElec  .         Spirit   .     (no cloak)
rCorr  .         Warding  .     (no gloves)
rMut   .         Stasis   .     (no boots)
MR     .....                    (no amulet)
Stlth  +++.......               (no ring)
                                q - ring of protection from cold

@: corroded equipment, not resistant to hostile enchantments, fairly stealthy
A: breathe frost, unfitting armour, cold resistance 1, cold-blooded, AC +7
a: Breathe Frost


You were on level 7 of the Dungeon.
You were not hungry.

You visited 1 branch of the dungeon, and saw 7 of its levels.

You collected 253 gold pieces.

Inventory:

Hand weapons
 d - a +2 spear of venom (weapon)
Jewellery
 e - an uncursed amulet of the gourmand {unknown}
 q - a ring of protection from cold (left hand)
Magical devices
 g - a wand of polymorph (4)
 h - a wand of confusion (24)
 x - a wand of random effects (24)
Scrolls
 a - a scroll of fear
 k - 3 scrolls of teleportation
 l - 7 scrolls of identify
 p - a scroll of recharging {unknown}
 s - a scroll of enchant weapon {unknown}
 t - 2 scrolls of remove curse
 u - 2 scrolls of random uselessness {unknown}
 v - 3 scrolls of immolation {unknown}
Potions
 j - a potion of might {unknown}
 m - 2 potions of restore abilities
Books
 c - a book of Conjurations

   Spells                             Type                      Level
   a - Magic Dart                     Conjuration                  1
   b - Searing Ray                    Conjuration                  2
   c - Dazzling Spray                 Conjuration/Hexes            3
   d - Fulminant Prism                Conjuration/Hexes            4
   e - Iskenderun's Mystic Blast      Conjuration                  4
   f - Iskenderun's Battlesphere      Conjuration/Charms           5
Comestibles
 b - 5 bread rations
 f - 6 meat rations
 r - a beef jerky
 z - a royal jelly


   Skills:
 + Level 4.6 Polearms
 + Level 4.8 Dodging
 + Level 5.7 Stealth
 + Level 5.1 Spellcasting
 + Level 6.6 Conjurations
 * Level 5.1 Charms


You had 12 spell levels left.
You knew the following spells:

 Your Spells              Type           Power        Failure   Level  Hunger
a - Magic Dart            Conj           ####         1%          1    None
b - Iskenderun's Battles  Conj/Chrm      ###.....     38%         5    ######.


Dungeon Overview and Level Annotations

Branches:
Dungeon (7/15)
 Temple: D:4-7

Altars:
Ashenzari
Fedhas
Makhleb
Jiyva


Innate Abilities, Weirdness & Mutations

You can breathe waves of freezing cold.
You can buffet flying creatures when you breathe cold.
Your icy white scales are hard (AC +7).
Your body does not fit into most forms of armour.
Your flesh is cold resistant.
Your cold-blooded metabolism reacts poorly to cold.


Message History

You hit the jelly.
The jelly is moderately wounded.
You hit the jelly. The acid corrodes your equipment!
You tail-slap the jelly, but do no damage.
The jelly is moderately wounded.
The jelly hits you.
You are splashed with acid!
The acid burns!
* * * LOW HITPOINT WARNING * * *
You barely miss the jelly.
The jelly is moderately wounded.
The jelly barely misses you.
You repair your equipment.
You hit the jelly. The acid corrodes your equipment!
The jelly is heavily wounded.
The jelly hits you but does no damage.
You hit the jelly. You tail-slap the jelly.
The jelly is severely wounded.
The jelly hits you.
* * * LOW HITPOINT WARNING * * *
You are splashed with acid!
The acid burns!
You die...

#..........)....# #..# #...#
## #..# #...# #.# #..#
####...# ... #####..#
#......# #.# ####...#p.#
#.##..## #.# #.........# #
#..#####.#
#......#..###.##....).J.#
##.._.....J@........###..#
#......###########..###..###
#......# #..........
#.####.######### #.####.###.
#..............###.####.###
##############.##.........#
#.##.###.###.# #.##.# #.#
#.# #.##.###'###(#


You could see a jelly and a neutral freed slave (wandering).

Vanquished Creatures
  Pikel (D:7)
  A hungry ghost (D:7)
  Eustachio (D:7)
  2 orc warriors (D:6)
  An ice beast (D:6)
  3 ogres
  A centaur (D:4)
  A big kobold (D:6)
  A giant frog (D:6)
  6 wights
  2 hounds
  2 orc priests
  4 worker ants
  3 jellies
  7 orc wizards
  2 giant frog skeletons
  Natasha (thrice) (D:5)
  A hound skeleton (D:4)
  15 gnolls
  A shadow imp (D:7)
  8 adders
  A giant mite (D:6)
  A worm (D:3)
  An adder skeleton (D:6)
  3 oozes (D:5)
  23 orcs
  6 bats
  A bat skeleton (D:5)
  A giant cockroach (D:6)
  10 goblins
  7 hobgoblins
  4 jackals (D:1)
  8 kobolds
  4 quokkas
  2 giant geckos (D:1)
  2 giant gecko zombies (D:5)
  3 giant newts
  A quokka skeleton (D:6)
  10 rats
154 creatures vanquished.

Vanquished Creatures (others)
  3 slaves (D:7)
  Blork the orc (D:4)
  A wight (D:7)
  A worker ant (D:7)
  A giant gecko (D:7)
  A quokka (D:7)
  A kobold (D:5)
9 creatures vanquished.

Grand Total: 163 creatures vanquished

Notes
Turn   | Place    | Note
--------------------------------------------------------------
     0 | D:1      | rjames93, the Draconian Conjurer, began the quest for the Orb.
     0 | D:1      | Reached XP level 1. HP: 14/14 MP: 3/3
   379 | D:1      | Reached XP level 2. HP: 20/20 MP: 0/4
  1024 | D:2      | Reached XP level 3. HP: 26/26 MP: 2/6
  1154 | D:2      | HP: 1/26 [gnoll/spear of venom (9)]
  1310 | D:2      | Reached XP level 4. HP: 29/33 MP: 5/8
  1773 | D:3      | Reached skill level 1 in Polearms
  2204 | D:4      | Noticed Blork the orc
  2204 | D:4      | Noticed a centaur
  2210 | D:4      | Killed Blork the orc
  2210 | D:4      | Reached XP level 5. HP: 31/38 MP: 10/10
  2214 | D:4      | Killed a centaur
  2246 | D:4      | Reached XP level 6. HP: 21/45 MP: 13/13
  2447 | D:4      | Reached skill level 5 in Conjurations
  3141 | D:4      | Learned a level 5 spell: Iskenderun's Battlesphere
  3161 | D:5      | Entered Level 5 of the Dungeon
  3187 | D:5      | Your scales start taking on an icy white colour.
  3187 | D:5      | Gained mutation: Your flesh is cold resistant. [draconian maturity]
  3187 | D:5      | Reached XP level 7. HP: 43/50 MP: 15/15
  3195 | D:5      | Reached skill level 1 in Charms
  4166 | D:6      | Reached XP level 8. HP: 30/57 MP: 17/17
  4339 | D:6      | HP: 4/85 [poisoned by a worker ant]
  4347 | D:6      | HP: 2/57 [poisoned by a worker ant]
  4791 | D:6      | Reached skill level 6 in Conjurations
  5086 | D:6      | Reached skill level 5 in Stealth
  5332 | D:5      | Found a burning altar of Makhleb.
  5462 | D:5      | Found a viscous altar of Jiyva.
  5610 | D:5      | Noticed Natasha
  5613 | D:5      | Killed Natasha
  5737 | D:5      | Noticed Natasha
  5740 | D:5      | Killed Natasha
  5885 | D:5      | Noticed Natasha
  5890 | D:5      | Killed Natasha
  6655 | D:7      | Reached XP level 9. HP: 38/62 MP: 20/20
  6685 | D:7      | Found a blossoming altar of Fedhas.
  7035 | D:7      | Found a shattered altar of Ashenzari.
  7063 | D:7      | Noticed Pikel
  7076 | D:7      | Killed Pikel
  7085 | D:7      | Noticed Eustachio
  7120 | D:7      | Killed Eustachio
  7120 | D:7      | Reached skill level 5 in Spellcasting
  7120 | D:7      | Reached skill level 5 in Charms
  7391 | D:7      | Splashed by a jelly's acid

Action                   |  1- 3 |  4- 6 |  7- 9 || total
-------------------------+-------+-------+-------++-------
Melee: Unarmed           |    13 |       |       ||    13
       Spear             |     7 |   110 |   353 ||   470
 Cast: Magic Dart        |    45 |     1 |     2 ||    48
  Use: Potion            |     2 |       |    11 ||    13
       Scroll            |     1 |     1 |     6 ||     8
 Stab: Sleeping          |       |     4 |     2 ||     6
       Distracted        |       |       |     1 ||     1
       Invisible         |       |       |     2 ||     2
  Eat: Pizza             |     1 |       |       ||     1
       Meat ration       |       |     1 |     3 ||     4
       Beef jerky        |       |     1 |       ||     1
